 Dungeon Sprint DCSS version 0.17-a0-1337-ge651487 (webtiles) character file.

16046 Kidiri the Unseen (level 12, -5/45 HPs)
             Began as a Spriggan Enchanter on June 10, 2015.
             Was the Champion of Dithmenos.
             Slain by a lorocyproca (15 damage)
             ... in the Dungeon (Sprint I: "Red Sonja").
             The game lasted 00:28:55 (4328 turns).

Kidiri the Unseen (Spriggan Enchanter)              Turns: 4328, Time: 00:28:55

Health: -5/45      AC:  6    Str:  4    XL:     12   Next: 6%
Magic:  0/31       EV: 34    Int: 17    God:    Dithmenos [******]
Gold:   185        SH:  0    Dex: 19    Spells: 11 memorised, 13 levels left

rFire  + . .     SeeInvis +     a - +4 dagger
rCold  + . .     Clarity  .     r - +2 robe {rC+}
rNeg   . . .     SustAt   .     (shield restricted)
rPois  .         Gourm    .     (helmet restricted)
rElec  .         Spirit   .     (no cloak)
rCorr  .         Warding  .     (gloves unavailable)
rMut   .         NoTele   +     (boots unavailable)
MR     ++...                    (no amulet)
Stlth  ++++++++++               (no ring)
                                t - ring of protection from fire

@: hasted, wreathed by umbra, very quick, very resistant to hostile
enchantments, uncannily stealthy
A: unfitting armour, yellow scales 1, see invisible, dopey 1, herbivore 3, speed
3, frail 1, screaming 1, slow metabolism 2
a: Shadow Step, Shadow Form, Renounce Religion


You were in the Dungeon.
You worshipped Dithmenos.
Dithmenos was exalted by your worship.
You were full.

You visited 1 branch You collected 3173 gold pieces.
You spent 2988 gold pieces at shops.

Inventory:

Hand weapons
 a - a +4 dagger (weapon)
 m - a +0 blowgun
 n - a +0 short sword of venom
 p - a +2 vampiric rapier
 q - a +0 shortbow
Missiles
 o - 9 curare-tipped needles
 s - 28 arrows
Armour
 b - a +2 robe
 r - a +2 robe of cold resistance (worn)
Magical staves
 d - an uncursed staff of air
Jewellery
 f - an uncursed ring of stealth
 t - a ring of protection from fire (left hand)
 w - an uncursed ring of sustain attributes
Magical devices
 u - a wand of paralysis (10)
Scrolls
 j - a scroll of blinking
 v - a scroll of identify
Potions
 e - 2 potions of curing
 h - 2 potions of magic
 i - a potion of berserk rage
Books
 c - a book of Maledictions

   Spells                             Type                      Level
   a - Corona                         Hexes                        1
   b - Ensorcelled Hibernation        Hexes/Ice                    2
   c - Confuse                        Hexes                        3
   d - Tukima's Dance                 Hexes                        3
   e - Dazzling Spray                 Conjuration/Hexes            3
 k - a book of Spatial Translocations

   Spells                             Type                      Level
   a - Apportation                    Translocation                1
   b - Blink                          Translocation                2
   c - Shroud of Golubria             Charms/Translocation         2
   d - Portal Projectile              Translocation                3
   e - Teleport Other                 Translocation                3
   f - Passage of Golubria            Translocation                4


   Skills:
 * Level 13.5 Short Blades
 * Level 17.0 Dodging
 * Level 18.4 Stealth
 * Level 14.6 Spellcasting
 + Level 6.4 Conjurations
 + Level 11.2 Hexes
 + Level 7.1 Charms
 + Level 7.1 Translocations
 + Level 7.5 Ice Magic
 + Level 7.6 Invocations
 + Level 6.3 Evocations


You had 13 spell levels left.
You knew the following spells:

 Your Spells              Type           Power        Failure   Level  Hunger
a - Corona                Hex            ######.      1%          1    None
b - Ensorcelled Hibernat  Hex/Ice        #####.       1%          2    None
c - Confuse               Hex            ######..     1%          3    None
d - Tukima's Dance        Hex            ######..     1%          3    None
e - Dazzling Spray        Conj/Hex       #####...     1%          3    None
f - Apportation           Tloc           #####.....   1%          1    None
g - Blink                 Tloc           N/A          1%          2    None
h - Shroud of Golubria    Chrm/Tloc      #####.....   1%          2    None
i - Portal Projectile     Tloc           #####.       1%          3    None
j - Teleport Other        Tloc           #####...     1%          3    None
k - Passage of Golubria   Tloc           N/A          3%          4    #......


Dungeon Overview and Level Annotations

Branches:
Dungeon (1/1)

Altars:
Cheibriados
Dithmenos
Elyvilon
Fedhas
Gozag
Kikubaaqudgha
Makhleb
Nemelex Xobeh
Okawaru
Qazlal
Ru
Sif Muna
Trog
Vehumet
Xom
Yredelemnul
Zin
The Shining One
Jiyva

Shops:
D (**(}}:}?=*!==?*(!([*

Annotations:
D Norris


Innate Abilities, Weirdness & Mutations

You are tiny and cannot use many weapons and most armour.
You have supernaturally acute eyesight.
You are a herbivore.
You cover ground extremely quickly.
You need consume almost no food.
You are partially covered in yellow scales (AC +2).
You are dopey. (Int -2)
You are frail (-10% HP).
You occasionally shout uncontrollably at your foes.


Message History

Unknown command.
You hit the lorocyproca but do no damage.
The lorocyproca is severely wounded.
The lorocyproca misses you. The hellwing gestures at you.
The lorocyproca resists with almost no effort.
You miss the lorocyproca.
The lorocyproca is severely wounded.
You hit the lorocyproca.
The lorocyproca is severely wounded.
The lorocyproca hits you!!
Ouch! That really hurt!
* * * LOW HITPOINT WARNING * * *
You emit a cloud of dark smoke.
You feel your power leaking away.
Drink which item? (? for menu, Esc to quit)
Okay, then.
Drink which item? (? for menu, Esc to quit)
You feel yourself speed up. The lorocyproca hits you!
You die...

############################*****
)[#..#§§§§§.§§§§@24.#§^§§$$$*,,,,
..##'#.####§§.§§##§.§^§#§§§,**,,,
..'..#.#.###§§§#######§#,§§,,****
###?.'.#'#.###§#,((##..#,,$§,*,,,
.##+####^..#@#.##$$$#.m#*,,$$*,∩,
§#§§§§^#...###..###$#..≈***'##,,,
.#§§§§§+.....##.#A#$#..≈,,*,****+
'###§§§#^....#§.###$#.m≈.**+*,,,,
.'.#...###++##§##..$#,.≈#*,,,,,,,


You could see a lorocyproca (invisible) and a hellwing.

Vanquished Creatures
  A hydra (D)
  2 centaur warriors (D)
  Sonja (D)
  7 unseen horrors (D)
  A deep troll (D)
  A lindwurm (D)
  An oklob plant (D)
  8 shining eyes (D)
  A siren (D)
  A gargoyle (D)
  2 kobold demonologists (D)
  4 demonic crawlers (D)
  A slime creature (D)
  Sigmund (D)
  4 trapdoor spiders (D)
  13 hogs (D)
  A yak (D)
  7 necrophages (D)
  2 wasps (D)
  An ogre (D)
  Ijyb (D)
  8 jellies (D)
  7 giant eyeballs (D)
  A giant spore (D)
  2 ballistomycetes (D)
79 creatures vanquished.

Vanquished Creatures (others)
  A siren (D)
  A gargoyle (D)
  A giant spore (D)
3 creatures vanquished.

Grand Total: 82 creatures vanquished

Notes
Turn   | Place    | Note
--------------------------------------------------------------
     0 | D        | Kidiri the Spriggan Enchanter began the quest for the Orb.
     0 | D        | Reached XP level 1. HP: 9/9 MP: 5/5
     2 | D        | Noticed Ijyb
    20 | D        | Killed Ijyb
    20 | D        | Reached skill level 5 in Dodging
    20 | D        | Reached skill level 6 in Stealth
    20 | D        | Reached XP level 2. HP: 1/13 MP: 6/8
    24 | D        | Learned a level 2 spell: Ensorcelled Hibernation
   316 | D        | Noticed an ogre
   321 | D        | Killed an ogre
   321 | D        | Reached skill level 7 in Stealth
   321 | D        | Reached skill level 5 in Spellcasting
   321 | D        | Reached skill level 5 in Hexes
   321 | D        | Reached skill level 1 in Ice Magic
   321 | D        | Reached XP level 3. HP: 16/16 MP: 7/11
   321 | D        | Reached XP level 4. HP: 21/21 MP: 7/12
   365 | D        | Learned a level 3 spell: Confuse
   369 | D        | Learned a level 3 spell: Tukima's Dance
   373 | D        | Learned a level 3 spell: Dazzling Spray
   376 | D        | Noticed Sigmund
   382 | D        | Killed Sigmund
   382 | D        | Reached skill level 5 in Short Blades
   382 | D        | Reached skill level 8 in Dodging
   382 | D        | Reached skill level 9 in Stealth
   382 | D        | Reached skill level 1 in Conjurations
   382 | D        | Reached XP level 5. HP: 16/24 MP: 8/15
   482 | D        | Found a snail-covered altar of Cheibriados.
   482 | D        | Found a shadowy altar of Dithmenos.
   482 | D        | Noticed a slime creature
   483 | D        | Found a viscous altar of Jiyva.
   483 | D        | Found a blossoming altar of Fedhas.
   485 | D        | Killed a slime creature
   485 | D        | Reached skill level 10 in Stealth
   485 | D        | Reached XP level 6. HP: 28/28 MP: 16/18
   487 | D        | Became a worshipper of Dithmenos the Shadowed
   487 | D        | Killed a gargoyle
   505 | D        | Found a deep blue altar of Sif Muna.
   506 | D        | Noticed a jelly
   507 | D        | Found a radiant altar of Vehumet.
   511 | D        | Killed a jelly
   539 | D        | Found Ixzoh's Antique Weapon Emporium.
   539 | D        | Found a white marble altar of Elyvilon.
   539 | D        | Found a stormy altar of Qazlal.
   539 | D        | Found a burning altar of Makhleb.
   539 | D        | Found a sacrificial altar of Ru.
   539 | D        | Found a basalt altar of Yredelemnul.
   539 | D        | Found a glowing golden altar of the Shining One.
   539 | D        | Found a sparkling altar of Nemelex Xobeh.
   539 | D        | Found a shimmering altar of Xom.
   539 | D        | Found an opulent altar of Gozag.
   539 | D        | Found an ancient bone altar of Kikubaaqudgha.
   539 | D        | Found a glowing silver altar of Zin.
   539 | D        | Noticed a yak
   543 | D        | Killed a yak
   543 | D        | Reached skill level 10 in Dodging
   543 | D        | Reached skill level 11 in Stealth
   543 | D        | Reached skill level 1 in Invocations
   543 | D        | Reached XP level 7. HP: 25/32 MP: 15/20
   544 | D        | Found an iron altar of Okawaru.
   545 | D        | Found a bloodstained altar of Trog.
   549 | D        | Bought a runed dagger for 32 gold pieces
   723 | D        | Noticed Sonja
   727 | D        | Killed Sonja
   727 | D        | Reached skill level 12 in Stealth
   727 | D        | Reached XP level 8. HP: 36/36 MP: 20/22
   744 | D        | Found Hecs's Antique Weapon Boutique.
   752 | D        | Bought a glowing rapier for 92 gold pieces
   764 | D        | Noticed a deep troll
   770 | D        | Killed a deep troll
   770 | D        | Reached skill level 13 in Stealth
   770 | D        | Reached skill level 10 in Spellcasting
   781 | D        | Found Zetaqu's Armour Emporium.
   789 | D        | Bought a +2 robe of cold resistance for 177 gold pieces
   814 | D        | Noticed a centaur warrior
   814 | D        | Noticed a centaur warrior
   819 | D        | Noticed a wasp
   820 | D        | Killed a centaur warrior
   820 | D        | Reached XP level 9. HP: 39/39 MP: 21/24
   828 | D        | Killed a centaur warrior
   828 | D        | Acquired Dithmenos's first power
   828 | D        | Reached skill level 10 in Short Blades
   828 | D        | Reached skill level 14 in Stealth
   828 | D        | Reached skill level 5 in Ice Magic
   879 | D        | Killed a wasp
   892 | D        | Noticed an oklob plant
   894 | D        | Killed an oklob plant
   894 | D        | Reached skill level 5 in Invocations
   901 | D        | Noticed a trapdoor spider
  1275 | D        | Killed a trapdoor spider
  1351 | D        | Noticed a trapdoor spider
  1352 | D        | Noticed a trapdoor spider
  1354 | D        | Killed a trapdoor spider
  1364 | D        | Noticed a trapdoor spider
  1368 | D        | Killed a trapdoor spider
  1368 | D        | Reached skill level 15 in Stealth
  1372 | D        | Killed a trapdoor spider
  1372 | D        | Acquired Dithmenos's second power
  1372 | D        | Reached XP level 10. HP: 44/44 MP: 12/26
  1543 | D        | Noticed an unseen horror
  1544 | D        | Noticed an unseen horror
  1550 | D        | Killed an unseen horror
  1552 | D        | Killed an unseen horror
  1552 | D        | Reached skill level 5 in Conjurations
  1566 | D        | Noticed a jelly
  1566 | D        | Noticed a jelly
  1566 | D        | Noticed a jelly
  1566 | D        | Noticed a jelly
  1566 | D        | Noticed a jelly
  1566 | D        | Noticed a jelly
  1566 | D        | Noticed a jelly
  1568 | D        | Killed a jelly
  1569 | D        | Killed a jelly
  1570 | D        | Killed a jelly
  1570 | D        | Acquired Dithmenos's third power
  1572 | D        | Noticed a necrophage
  1572 | D        | Noticed a necrophage
  1576 | D        | Killed a jelly
  1602 | D        | Killed a jelly
  1609 | D        | Killed a jelly
  1617 | D        | Killed a necrophage
  1735 | D        | Killed a jelly
  1735 | D        | Acquired Dithmenos's fourth power
  1768 | D        | Noticed a necrophage
  1768 | D        | Noticed a necrophage
  1768 | D        | Noticed a necrophage
  1768 | D        | Noticed a necrophage
  1768 | D        | Noticed a necrophage
  1786 | D        | Killed a necrophage
  1790 | D        | Killed a necrophage
  1796 | D        | Killed a necrophage
  1798 | D        | Killed a necrophage
  1987 | D        | Killed a necrophage
  1989 | D        | Killed a necrophage
  1989 | D        | Reached skill level 16 in Stealth
  2109 | D        | Gained mutation: You passively map a small area around you. [potion of mutation]
  2109 | D        | Gained mutation: Your magical capacity is low (-10% MP). [potion of mutation]
  2109 | D        | Gained mutation: You are partially covered in thin metallic scales (AC +2). [potion of mutation]
  2110 | D        | Gained mutation: You can spit weak poison. [potion of mutation]
  2110 | D        | Lost mutation: You can spit weak poison. [potion of mutation]
  2110 | D        | Gained mutation: You can translocate small distances at will. [potion of mutation]
  2148 | D        | Found Aqi Xic's Gadget Shoppe.
  2148 | D        | Found Etobb's Book Shop.
  2148 | D        | Found Zayteigo's Magic Scroll Boutique.
  2161 | D        | Found Qibicok's Jewellery Emporium.
  2161 | D        | Found Guc Zox's Assorted Antiques.
  2161 | D        | Found Soukhlei's Distillery.
  2161 | D        | Found Vuetom's Jewellery Boutique.
  2161 | D        | Found Yvelois's Jewellery Emporium.
  2161 | D        | Found Pimeock's Magic Scroll Shop.
  2161 | D        | Found Sihyatha's General Store.
  2165 | D        | Found Futull's Weapon Boutique.
  2166 | D        | Found Raekh's Weapon Emporium.
  2166 | D        | Found Hipp's Distillery.
  2167 | D        | Found Riapnean's Assorted Antiques.
  2175 | D        | Bought a potion of cure mutation for 455 gold pieces
  2175 | D        | Bought a potion of beneficial mutation for 455 gold pieces
  2175 | D        | Lost mutation: You can translocate small distances at will. [potion of cure mutation]
  2175 | D        | Lost mutation: Your magical capacity is low (-10% MP). [potion of cure mutation]
  2175 | D        | Lost mutation: You passively map a small area around you. [potion of cure mutation]
  2175 | D        | Lost mutation: You are partially covered in thin metallic scales (AC +2). [potion of cure mutation]
  2176 | D        | Gained mutation: You are partially covered in yellow scales (AC +2). [potion of beneficial mutation]
  2178 | D        | Bought a papyrus book for 405 gold pieces
  2180 | D        | Learned a level 1 spell: Apportation
  2183 | D        | Learned a level 2 spell: Blink
  2186 | D        | Learned a level 2 spell: Shroud of Golubria
  2190 | D        | Learned a level 3 spell: Portal Projectile
  2194 | D        | Learned a level 3 spell: Teleport Other
  2199 | D        | Learned a level 4 spell: Passage of Golubria
  2257 | D        | Noticed a shining eye
  2257 | D        | Noticed a shining eye
  2257 | D        | Noticed a shining eye
  2257 | D        | Noticed a shining eye
  2257 | D        | Noticed a shining eye
  2257 | D        | Noticed a shining eye
  2258 | D        | Noticed a shining eye
  2258 | D        | Noticed a shining eye
  2259 | D        | Killed a shining eye
  2259 | D        | Reached skill level 1 in Charms
  2259 | D        | Reached skill level 1 in Translocations
  2259 | D        | Reached skill level 1 in Evocations
  2260 | D        | Killed a shining eye
  2260 | D        | Reached skill level 15 in Dodging
  2260 | D        | Reached skill level 10 in Hexes
  2262 | D        | Killed a shining eye
  2263 | D        | Killed a shining eye
  2265 | D        | Killed a shining eye
  2266 | D        | Killed a shining eye
  2266 | D        | Reached XP level 11. HP: 47/47 MP: 16/29
  2268 | D        | Gained mutation: You expend magic power (3 MP) to strengthen your wands. [a shining eye]
  2270 | D        | Killed a shining eye
  2275 | D        | Gained mutation: Your body sometimes deteriorates upon taking damage. [a shining eye]
  2280 | D        | Gained mutation: Your spells are a little easier to cast, but a little less powerful. [a shining eye]
  2296 | D        | Gained mutation: You have a pair of small horns on your head. [a shining eye]
  2299 | D        | Gained mutation: Armour fits poorly on your strangely shaped body. [a shining eye]
  2302 | D        | Gained mutation: You are frail (-10% HP). [a shining eye]
  2306 | D        | Killed a shining eye
  2318 | D        | Found Naekle's Gadget Shop.
  2318 | D        | Found Zuarral's Assorted Antiques.
  2318 | D        | Found Avir's Gadget Boutique.
  2318 | D        | Found Litomm's Assorted Antiques.
  2490 | D        | Noticed a kobold demonologist
  2491 | D        | Noticed a kobold demonologist
  2493 | D        | Killed a kobold demonologist
  2505 | D        | Noticed a soul eater
  2509 | D        | Killed a kobold demonologist
  2509 | D        | Reached skill level 17 in Stealth
  2620 | D        | Noticed a demonic crawler
  2620 | D        | Noticed a demonic crawler
  2620 | D        | Noticed a demonic crawler
  2620 | D        | Noticed a demonic crawler
  2635 | D        | Killed a demonic crawler
  2645 | D        | Killed a demonic crawler
  2650 | D        | Killed a demonic crawler
  2663 | D        | Killed a demonic crawler
  2738 | D        | Noticed a lindwurm
  2742 | D        | Killed a lindwurm
  2752 | D        | Noticed a hog
  2752 | D        | Noticed a hog
  2752 | D        | Noticed a hog
  2752 | D        | Noticed a hog
  2752 | D        | Noticed a hog
  2753 | D        | Noticed a hog
  2754 | D        | Noticed a hog
  2754 | D        | Killed a hog
  2754 | D        | Reached skill level 5 in Translocations
  2755 | D        | Killed a hog
  2755 | D        | Reached skill level 5 in Charms
  2756 | D        | Noticed a hog
  2756 | D        | Noticed a hog
  2757 | D        | Killed a hog
  2764 | D        | Killed a hog
  2764 | D        | Reached skill level 5 in Evocations
  2766 | D        | Killed a hog
  2776 | D        | Killed a hog
  2778 | D        | Killed a hog
  2847 | D        | Noticed a hog
  2847 | D        | Noticed a hog
  2847 | D        | Noticed a hog
  2850 | D        | Killed a hog
  2851 | D        | Killed a hog
  2852 | D        | Noticed a hog
  2853 | D        | Killed a hog
  2854 | D        | Killed a hog
  2856 | D        | Killed a hog
  2858 | D        | Killed a hog
  2870 | D        | Noticed a 12-headed hydra
  2872 | D        | Killed a 12-headed hydra
  2978 | D        | Noticed a daeva
  2981 | D        | Noticed an unseen horror
  2981 | D        | Noticed an unseen horror
  2981 | D        | Noticed an unseen horror
  2982 | D        | Noticed an unseen horror
  2984 | D        | Killed an unseen horror
  2986 | D        | Killed an unseen horror
  2986 | D        | Reached skill level 18 in Stealth
  2987 | D        | Killed an unseen horror
  2988 | D        | Noticed an unseen horror
  2989 | D        | Killed an unseen horror
  2991 | D        | Killed an unseen horror
  2991 | D        | Reached XP level 12. HP: 16/45 MP: 31/31
  3525 | D        | Bought a potion of cure mutation for 490 gold pieces
  3525 | D        | Lost mutation: Armour fits poorly on your strangely shaped body. [potion of cure mutation]
  3525 | D        | Lost mutation: You have a pair of small horns on your head. [potion of cure mutation]
  3525 | D        | Lost mutation: Your body sometimes deteriorates upon taking damage. [potion of cure mutation]
  3525 | D        | Lost mutation: Your spells are a little easier to cast, but a little less powerful. [potion of cure mutation]
  3525 | D        | Lost mutation: You are frail (-10% HP). [potion of cure mutation]
  3525 | D        | Lost mutation: You expend magic power (3 MP) to strengthen your wands. [potion of cure mutation]
  3582 | D        | Noticed a gargoyle
  3584 | D        | Killed a gargoyle
  3612 | D        | Noticed Norris
  3613 | D        | Noticed a lorocyproca
  3624 | D        | Gained mutation: You are frail (-10% HP). [potion of mutation]
  3624 | D        | Gained mutation: You are dopey. (Int -2) [potion of mutation]
  3624 | D        | Gained mutation: You occasionally shout uncontrollably at your foes. [potion of mutation]
  4183 | D        | Bought a scroll of enchant weapon for 90 gold pieces
  4183 | D        | Bought a scroll of enchant weapon for 90 gold pieces
  4183 | D        | Bought a scroll of identify for 24 gold pieces
  4183 | D        | Bought a scroll of identify for 24 gold pieces
  4183 | D        | Bought a scroll of enchant armour for 90 gold pieces
  4192 | D        | Bought a scroll of magic mapping for 49 gold pieces
  4204 | D        | Bought an uncursed ring of protection from fire for 325 gold pieces
  4206 | D        | Bought a potion of heal wounds for 70 gold pieces
  4207 | D        | Bought a bone ring for 120 gold pieces
  4273 | D        | Noticed a siren
  4273 | D        | Noticed a deep elf annihilator
  4273 | D        | Noticed a wasp
  4274 | D        | Noticed a hellwing
  4279 | D        | Noticed a siren
  4281 | D        | Killed a wasp
  4302 | D        | Killed a siren
  4310 | D        | Killed a siren
  4328 | D        | Slain by a lorocyproca

Vault maps used:
D:        dungeon_sprint_1

Action                   |  1- 3 |  4- 6 |  7- 9 | 10-12 || total
-------------------------+-------+-------+-------+-------++-------
Melee: Dagger            |    15 |     5 |    24 |   188 ||   232
 Fire: Shortbow          |       |       |       |     1 ||     1
 Cast: Corona            |     1 |       |       |       ||     1
       Ensorcelled Hiber |     1 |     4 |     4 |    25 ||    34
       Confuse           |       |       |     7 |    12 ||    19
       Dazzling Spray    |       |       |       |     8 ||     8
       Tukima's Dance    |       |       |       |     2 ||     2
       Shroud of Golubri |       |       |       |     1 ||     1
Invok: Shadow Step       |       |       |       |     7 ||     7
  Use: Scroll            |       |       |     2 |    10 ||    12
       Potion            |       |       |       |    11 ||    11
 Stab: Sleeping          |     2 |     4 |     6 |    48 ||    60
       Confused          |       |       |     4 |     6 ||    10
       Invisible         |       |       |       |     7 ||     7
       Distracted        |       |       |       |     1 ||     1
  Eat: Bread ration      |       |       |       |     1 ||     1
